 Dungeon Crawl Stone Soup version 0.30-a0-634-g8abc85282e (webtiles) character file.

Game seed: 4646490049752121313

904 bande the Chopper (level 8, -2/48 HPs)
             Began as a Gargoyle Fighter on Jan 15, 2023.
             Slain by a yak (9 damage)
             ... on level 4 of the Dungeon.
             The game lasted 00:07:01 (3949 turns).

bande the Chopper (Gargoyle Fighter)                Turns: 3949, Time: 00:07:01

Health: -2/48      AC: 16    Str: 19    XL:     8   Next: 8%
Magic:  8/8        EV: 10    Int: 10    God:
Gold:   329        SH:  4    Dex: 11    Spells: 7/7 levels left

rFire   + + .      SeeInvis +    k - +0 broad axe
rCold   + . .      Faith    .    c - +0 buckler
rNeg    + . .      Spirit   .    m - +3 ring mail {rF+}
rPois   ∞          Reflect  .    f - +1 helmet
rElec   +          Harm     .    e - scarf {rC+ rF+}
rCorr   .          Rampage  .    (no gloves)
Will    .....                    (no boots)
Stlth   +                        (no amulet)
HPRegen 0.28/turn                b - ring of see invisible
MPRegen 0.11/turn                (no ring)

@: no status effects
A: sickness immunity, AC +5, negative energy resistance 1, electricity
resistance, torment resistance 1, petrification resistance
a: no special abilities


You were on level 4 of the Dungeon.
You visited 1 branch of the dungeon, and saw 5 of its levels.

You collected 329 gold pieces.

Inventory:

Hand Weapons
 a - a +0 war axe
 k - a +0 broad axe (weapon)
 q - a +2 flail of holy wrath
Armour
 c - a +0 buckler (worn)
 e - a scarf of resistance (worn)
 f - a +1 helmet (worn)
 m - a +3 ring mail of fire resistance (worn)
 t - a +0 cloak
Jewellery
 b - a ring of see invisible (left hand)
Wands
 l - a wand of roots (7)
Scrolls
 o - a scroll of teleportation
 v - a scroll of fog {unknown}
Potions
 d - 2 potions of might
 g - a potion of heal wounds
 h - 3 potions of haste
 i - a potion of ambrosia {unknown}
 j - 3 potions of curing {unknown}
 n - a potion of magic {unknown}
 p - a potion of invisibility {unknown}
 r - a potion of mutation {unknown}
 s - a potion of brilliance {unknown}
 u - a potion of degeneration {unknown}


   Skills:
 + Level 4.9 Fighting
 + Level 6.1 Axes
 + Level 4.8 Armour
 - Level 0.4 Stealth
 + Level 4.3 Shields
 * Level 2.2 Evocations


You had 7 spell levels left.
You didn't know any spells.
Your spell library contained the following spells:

 Spells                   Type           Power      Damage    Failure   Level
 Beastly Appendage        Tmut           0%         N/A       63%         1
 Wereblood                Tmut           0%         N/A       77%         2
 Ignite Poison            Fire/Tmut/Pois 0%         N/A       94%         3
 Kindle Blastsparks       Fire/Tloc/Air  0%         2d10      94%         3
 Spider Form              Tmut/Pois      0%         N/A       94%         3
 Freezing Cloud           Conj/Ice/Air   0%         6-21      100%        5


Dungeon Overview and Level Annotations

Branches:
Dungeon (5/15)
 Temple: D:4-7

Altars:
Ashenzari
Sif Muna
Vehumet

Shops:
D:3 ?


Innate Abilities, Weirdness & Mutations

You are immune to sickness and miasma.
Your stone body is resilient. (AC +5)
You are immune to poison.
You resist negative energy. (rN+)
You are resistant to electric shocks. (rElec)
You are resistant to unholy torment.
You are immune to petrification.


Message History

You barely miss the yak.
The yak is almost dead.
You hit the yak but do no damage. The yak gores you. x2
You closely miss the yak.
The yak is almost dead.
You hit the yak. The yak gores you but does no damage.
The yak barely misses you.
You hit the yak.
The yak is almost dead.
You hit the yak but do no damage.
The yak gores you but does no damage. x2
The yak closely misses you. The yak gores you.
You are too injured to fight recklessly!
You are too injured to fight recklessly!
You are too injured to fight recklessly!
The yak gores you but does no damage. The yak attacks as you move away!
The yak barely misses you.
There is a stone staircase leading up here.
The yak gores you but does no damage.
You climb upwards.
There is a stone staircase leading down here.
You barely miss the yak.
The yak is moderately wounded.
The yak gores you.
You hit the yak but do no damage.
The yak is moderately wounded.
The yak gores you!
* * * LOW HITPOINT WARNING * * *
You slash the yak!
The yak is heavily wounded.
The yak gores you.
* * * LOW HITPOINT WARNING * * *
The yak gores you.
* * * LOW HITPOINT WARNING * * *
You hit the yak but do no damage.
The yak is heavily wounded.
The yak closely misses you.
You hit the yak but do no damage.
The yak is heavily wounded.
The yak gores you!
You die...

#.# ##.## #.##.##. #.# #...#
#.##.... ##'## #...# #.......
##...## #...# ####.### ##.....##
###.# #.### ##.......## ##.#.#
#.#.#
###.........####....#########....
..+..(......'....................
###.........####@...#########....
##.......## ##Y#.# #.#.#
##.....## ###.# #.### ##...##
##.# #.### ##'## #..# #...# #.#
#.## #...# #.# #.# #...#
######.## #.# ##.## #.......##
#.# #.#


You could see a yak.

Vanquished Creatures
  Menkaure (D:4)
  Duvessa (D:4)
  An ogre (D:4)
  2 scorpions
  Dowan (D:4)
  2 hounds (D:4)
  A jelly (D:4)
  Ijyb (D:2)
  An iguana (D:4)
  An orc wizard (D:4)
  Robin (D:3)
  10 gnolls
  4 adders
  A worm (D:3)
  2 dart slugs
  9 orcs
  6 ball pythons
  5 bats
  10 endoplasms
  6 giant cockroaches
  7 goblins
  11 hobgoblins
  3 jackals (D:2)
  6 quokkas
  5 frilled lizards
  7 kobolds
  4 rats
109 creatures vanquished.

Vanquished Creatures (others)
  An orc wizard (D:4)
1 creature vanquished.

Grand Total: 110 creatures vanquished

Notes
Turn   | Place    | Note
-------+----------+-------------------------------------------
     0 | D:1      | bande the Gargoyle Fighter began the quest for the Orb.
     0 | D:1      | Reached XP level 1. HP: 14/14 MP: 1/1
   111 | D:1      | Reached XP level 2. HP: 17/19 MP: 2/2
   972 | D:2      | Reached skill level 2 in Axes
  1106 | D:2      | Reached XP level 3. HP: 24/24 MP: 3/3
  1509 | D:3      | Noticed Ijyb
  1524 | D:2      | Killed Ijyb
  1525 | D:2      | Reached XP level 4. HP: 7/29 MP: 4/4
  1903 | D:3      | Reached skill level 3 in Axes
  2049 | D:3      | Reached XP level 5. HP: 30/33 MP: 5/5
  2165 | D:3      | Found The Oracle's Delphic Readings.
  2288 | D:3      | Reached skill level 4 in Axes
  2391 | D:3      | Noticed Robin
  2396 | D:3      | Reached XP level 6. HP: 32/38 MP: 6/6
  2403 | D:3      | Killed Robin
  2967 | D:4      | Reached skill level 5 in Axes
  2967 | D:4      | Reached XP level 7. HP: 44/44 MP: 7/7
  2968 | D:4      | Reached skill level 1 in Evocations
  3280 | D:4      | Noticed Duvessa
  3281 | D:4      | Noticed Dowan
  3295 | D:4      | Killed Dowan
  3297 | D:4      | Killed Duvessa
  3376 | D:4      | Noticed Menkaure
  3385 | D:4      | Killed Menkaure
  3386 | D:4      | Reached skill level 6 in Axes
  3541 | D:4      | Reached XP level 8. HP: 39/48 MP: 8/8
  3626 | D:4      | Found a shimmering blue altar of Sif Muna.
  3679 | D:4      | Found a broken altar of Ashenzari.
  3680 | D:4      | Found a radiant altar of Vehumet.
  3922 | D:5      | Entered Level 5 of the Dungeon
  3926 | D:5      | Noticed a yak
  3926 | D:5      | Noticed a yak
  3927 | D:5      | Noticed a yak
  3928 | D:5      | Noticed a yak
  3929 | D:5      | Noticed a yak
  3949 | D:4      | Slain by a yak

Illustrated notes

Levels and vault maps discovered:
D:1:      ebering_trefoil_3fold, layout_loops_ring
D:2:      layout_basic, minmay_between
D:3:      minmay_chambers_of_twos, layout_rooms, minmay_misc_feat_pillars,
          small_statue_intersection, minmay_misc_feat_iff,
          minmay_misc_feat_tower, nicolae_nh_oracle_at_delphi, uniq_ijyb,
          uniq_robin
D:4:      layout_loops_corners, minitemple, kennysheep_orc_sif_temple,
          uniq_duvessa, uniq_menkaure
D:5:      layout_loops_ring, grunt_ministairs_2, nicolae_sextant,
          minmay_circle_x

Skill      XL: |  1  2  3  4  5  6  7 |
---------------+----------------------+-----
Axes           | 2 3 4 5 6 |  6.1
Shields        | 4 |  4.3
Fighting       | 4 |  4.9
Armour         | 4 |  4.8
Evocations     | 2 |  2.2
Stealth        | |  0.4

Action                   |  1- 3 |  4- 6 |  7- 9 || total
-------------------------+-------+-------+-------++-------
Melee: War axe           |    34 |       |       ||    34
       Broad axe         |    68 |   141 |    75 ||   284
  Use: Scroll            |     4 |     3 |       ||     7
Armor: Scale mail        |    98 |       |       ||    98
       Ring mail         |       |    83 |    35 ||   118
Dodge: Dodged            |    79 |    70 |    31 ||   180
Block: Buckler           |    35 |    32 |    20 ||    87

Table legend: (Time is in decaauts)
 A = Elapsed time spent in this place.
 B = Non-inter-level travel time spent in this place.
 C = Inter-level travel time spent in this place.
 D = Time resting spent in this place.
 E = Time spent auto-exploring this place.
 F = Levels seen in this place.
 G = Mean time per level.
                   A        B        C        D        E       F      G
               +--------+--------+--------+--------+--------+-----+--------+
         Total |   4097 |   4018 |     79 |    327 |   2765 |   5 |  819.4 |
       Dungeon |   4097 |   4018 |     79 |    327 |   2765 |   5 |  819.4 |
               +--------+--------+--------+--------+--------+-----+--------+

Top non-repeatable levels by time:
     D:4: 1364 daAuts
     D:2: 1266 daAuts
     D:3: 775 daAuts
     D:1: 665 daAuts
     D:5: 25 daAuts
